 Dungeon Crawl Stone Soup version 0.25-a0-565-g8875c97ebb (webtiles) character file.

Game seed: 8871404396433425780, levelgen mode: deterministic

148509 Eurus the Destroyer (level 16, -11/125 HPs)
             Began as a Mummy Conjurer on Feb 25, 2020.
             Was a High Priest of Ashenzari.
             Mangled by a spark wasp (16 damage)
             ... on level 3 of the Spider Nest on Feb 26, 2020.
             The game lasted 02:53:57 (60097 turns).

Eurus the Destroyer (Mummy Conjurer)               Turns: 60097, Time: 02:53:58

Health: -11/125    AC: 23    Str: 11    XL:     16   Next: 94%
Magic:  34/42      EV: 24    Int: 28    God:    Ashenzari [*****.]
Gold:   745        SH: 12    Dex: 13    Spells: 20/41 levels left

rFire    . . .     SeeInvis +   n - +9 dagger (elec) (curse)
rCold    + . .     Gourm    .   r - +0 kite shield
rNeg     + + +     Faith    .   O - +6 scale mail {rF+} (curse)
rPois    ∞         Spirit   .   A - +2 helmet {Int+3} (curse)
rElec    .         Reflect  .   q - +0 cloak
rCorr    .         Harm     .   u - +0 pair of gloves
MR       ++...     Clarity  +   x - +0 pair of boots
Stlth    ..........             o - amulet of the acrobat (curse)
HPRegen  0.30/turn              m - +4 ring of intelligence
MPRegen  0.28/turn              g - ring of magical power (curse)

@: about to teleport, acrobat
A: no food or potions, fire vulnerability, cold resistance 1, negative energy
resistance 3, torment resistance, unbreathing, in touch with death 1
a: Curse Item, Scrying, Transfer Knowledge, Renounce Religion


You were on level 3 of the Spider Nest.
You worshipped Ashenzari.
Ashenzari was extremely pleased with you.
You were not hungry.

You visited 7 branches of the dungeon, and saw 30 of its levels.
You also visited: Bailey and Ice Cave.

You collected 2505 gold pieces.
You spent 1760 gold pieces at shops.

Inventory:

Hand Weapons
 n - a cursed +9 dagger of electrocution (weapon)
Armour
 q - a +0 cloak (worn)
 r - a +0 kite shield (worn)
 u - a +0 pair of gloves (worn)
 x - a +0 pair of boots (worn)
 A - a cursed +2 helmet of intelligence (worn)
 O - a cursed +6 scale mail of fire resistance (worn)
Jewellery
 a - an uncursed ring of protection from cold
 b - an uncursed ring of resist corrosion
 f - the amulet "Dusoel" {rElec rC- Regen+ Str+2 Slay+2}
   (You found it on level 1 of the Spider Nest)

   [amulet of regeneration]

   It affects your strength (+2).
   It affects your accuracy and damage with ranged weapons and melee attacks
   (+2).
   It makes you vulnerable to cold.
   It insulates you from electricity.
   It increases your rate of regeneration.
 g - a cursed ring of magical power (right hand)
 m - a +4 ring of intelligence (left hand)
 o - a cursed amulet of the acrobat (around neck)
 v - an uncursed ring of flight
 w - a +3 ring of dexterity
 y - an uncursed ring of ice
 z - an uncursed ring of protection from cold
 J - an uncursed ring of stealth
Wands
 h - a wand of clouds (7)
 j - a wand of digging (8)
 p - a wand of polymorph (26)
 s - a wand of scattershot (4)
 t - a wand of flame (23)
 C - a wand of acid (8)
 E - a wand of disintegration (16)
 K - a wand of iceblast (6)
 M - a wand of random effects (48)
Scrolls
 c - 14 scrolls of identify
 d - 5 scrolls of teleportation
 e - a scroll of magic mapping
 i - 4 scrolls of enchant armour
 k - 2 scrolls of fear
 l - 3 scrolls of blinking
 B - 4 scrolls of amnesia
 F - a scroll of torment
 I - 5 scrolls of fog
 L - 7 scrolls of remove curse
 N - a scroll of brand weapon


   Skills:
 - Level 11.0 Fighting
 + Level 11.8 Armour
 - Level 1.5 Dodging
 - Level 1.5 Stealth
 + Level 13.1 Shields
 - Level 13.0 Spellcasting
 + Level 13.1(15.4) Conjurations
 - Level 6.9(9.7) Translocations
 + Level 1.8(3.7) Air Magic


You had 20 spell levels left.
You knew the following spells:

 Your Spells              Type           Power        Failure   Level  Hunger
a - Magic Dart            Conj           ####         1%          1    N/A
b - Searing Ray           Conj           ######       1%          2    N/A
c - Iskenderun's Mystic   Conj/Tloc      ######..     1%          4    N/A
d - Blink                 Tloc           N/A          1%          2    N/A
e - Gell's Gravitas       Tloc           ######....   1%          3    N/A
f - Shroud of Golubria    Chrm/Tloc      #####.       2%          2    N/A
g - Passage of Golubria   Tloc           N/A          2%          4    N/A
h - Mephitic Cloud        Conj/Pois/Air  ######..     3%          3    N/A

Your spell library contained the following spells:

 Spells                   Type           Power        Failure   Level  Hunger
 Apportation              Tloc           ######       1%          1    N/A
 Shock                    Conj/Air       ####         1%          1    N/A
 Conjure Flame            Conj/Fire      ######..     1%          3    N/A
 Dazzling Flash           Conj/Hex       ######       1%          3    N/A
 Lesser Beckoning         Tloc           ######....   1%          3    N/A
 Static Discharge         Conj/Air       ######..     1%          3    N/A
 Teleport Other           Tloc           ######..     1%          3    N/A
 Portal Projectile        Hex/Tloc       #####.       5%          3    N/A
 Fulminant Prism          Conj/Hex       ######....   5%          4    N/A
 Lightning Bolt           Conj/Air       ######....   8%          5    N/A
 Poisonous Vapours        Pois/Air       ####..       10%         2    N/A
 Swiftness                Chrm/Air       ####....     10%         2    N/A
 Animate Skeleton         Necr           N/A          12%         1    N/A
 Corona                   Hex            ###....      12%         1    N/A
 Infusion                 Chrm           ###.         12%         1    N/A
 Summon Small Mammal      Summ           ###.         12%         1    N/A
 Irradiate                Conj/Tmut      ######....   16%         5    N/A
 Ensorcelled Hibernation  Hex/Ice        ###...       19%         2    N/A
 Slow                     Hex            ###.....     19%         2    N/A
 Song of Slaying          Chrm           ###.....     19%         2    N/A
 Airstrike                Air            #####.....   30%         4    N/A
 Confusing Touch          Hex            ###.....     36%         3    N/A
 Inner Flame              Hex/Fire       ###.....     36%         3    N/A
 Ozocubu's Armour         Chrm/Ice       ###.....     36%         3    N/A
 Spectral Weapon          Hex/Chrm       ###.....     36%         3    N/A
 Tukima's Dance           Hex            ###.....     36%         3    N/A
 Cause Fear               Hex            ###.......   77%         4    N/A
 Leda's Liquefaction      Hex/Erth       ###.......   77%         4    N/A
 Freezing Cloud           Conj/Ice/Air   ######....   83%         6    N/A
 Ring of Flames           Chrm/Fire      ###.......   100%        7    N/A
 Hydra Form               Tmut           Unusable     N/A         6    N/A
 Statue Form              Tmut/Erth      Unusable     N/A         6    N/A
 Dragon Form              Tmut           Unusable     N/A         7    N/A

Dungeon Overview and Level Annotations

Branches:
Dungeon (15/15)            Temple (1/1) D:4            Lair (6/6) D:10
  Swamp (1/4) Lair:2       Spider (4/4) Lair:4        Slime (0/5) Lair:6
    Orc (2/2) D:11            Elf (1/3) Orc:2        Vaults (0/5) D:14
 Depths (0/5) D:15         Bailey (visited)           IceCv (visited)

Altars:
Ashenzari
Cheibriados
Dithmenos
Elyvilon
Fedhas
Gozag
Hepliaklqana
Kikubaaqudgha
Makhleb
Nemelex Xobeh
Okawaru
Qazlal
Ru
Sif Muna
Trog
Uskayaw
Vehumet
Wu Jian
Xom
Yredelemnul
Zin
The Shining One
Beogh

Shops:
D:10 :   D:13 *   Orc:1 :   Orc:2 %*}!(

Annotations:
D:15 Rupert
Lair:3 exclusion: sensed monster (detected)
Lair:4 exclusion: 2 oklob plants
Lair:6 Nessos
Spider:1 Roxanne
Elf:1 2 runed translucent doors


Innate Abilities, Weirdness & Mutations

You do not eat or drink.
Your flesh is vulnerable to fire.
You are immune to poison.
Your flesh is cold resistant. (rC+)
You are immune to negative energy. (rN+++)
You are immune to unholy pain and torment.
You can survive without breathing.
You are in touch with the powers of death.


Message History

Aim: a spark wasp The searing ray hits the spark wasp.
The spark wasp is lightly wounded. (Press . to maintain the ray.)
The spark wasp misses you. The spark wasp stings you!!
The spark wasp shocks you!
* * * LOW HITPOINT WARNING * * *
The searing ray hits the spark wasp.
The spark wasp is lightly wounded.
The spark wasp completely misses you.
The searing ray hits the spark wasp but does no damage.
The spark wasp is lightly wounded.
The spark wasp misses you. You block the spark wasp's attack.
As you read the scroll of teleportation, it crumbles to dust.
You feel strangely unstable. The spark wasp stings you!
* * * LOW HITPOINT WARNING * * *
The spark wasp shocks you!
* * * LOW HITPOINT WARNING * * *
The spark wasp stings you!
You die...

###...#..[....##...............#
#.#####.##.....#.......<.....####
...######...#.###....^....)..#...
.....#^.....### ###......##..#^..
#^...#.......# ##.#......##.....^
##...#.......###..###.....#......
##...##.......#.....#.....##.....
.##...##.....^#.y>.^#...###..#...
.#....###.....#.@..###.## ####..#
.^.....###.#....#.## ### ##.#..#
^...#..# ###...^### #......
..###### ####..# ##.....# .^#
#### #..^.... ..### #.......
....# #....... ...^# ##>.....
...## ##.(...^


You could see a spark wasp.

Vanquished Creatures
  Arachne (Spider:2)
  Kirke (D:14)
  Donald (Spider:1)
  A ghost moth (Spider:1)
  An emperor scorpion (Spider:1)
  The ghost of Cakyteerghy the Severer, a journeyman MiFi of Makhleb (Orc:1)
  3 entropy weavers
  Azrael (Spider:1)
  Snorg (Lair:5)
  Josephine (D:14)
  Harold (D:8)
  Fannar (Orc:1)
  A catoblepas (D:13)
  8 hydras
  5 centaur warriors
  An alligator (Swamp:1)
  4 ogre magi
  4 dancing weapons
  2 tengu warriors
  17 two-headed ogres
  Nergalle (D:12)
  Sonja (D:12)
  A deep elf knight (Elf:1)
  3 unseen horrors
  A wizard (D:14)
  A deep elf archer (Elf:1)
  16 deep elf magi
  Pikel (D:7)
  10 orb spiders
  A necromancer (IceCv)
  2 orc knights
  23 wolf spiders
  2 manticores (D:13)
  11 ugly things
  A wolf spider zombie (D:14)
  A cyclops (D:15)
  An ice statue (IceCv)
  3 moths of wrath
  5 centaur zombies
  Maurice (D:8)
  3 black mambas
  6 spiny frogs
  2 torpor snails
  6 centaur skeletons
  2 gargoyles
  Maggie (D:8)
  A rime drake (shapeshifter) (Elf:1)
  8 yaktaurs
  16 demonic crawlers
  4 komodo dragons
  3 kobold demonologists (D:14)
  3 rime drakes
  An efreet (D:13)
  9 ice devils (IceCv)
  3 meliai (D:11)
  7 trolls
  34 jumping spiders
  8 hornets
  Prince Ribbit (D:7)
  12 blink frogs
  A tyrant leech (Swamp:1)
  A meliai zombie (D:14)
  9 hippogriffs
  25 tarantellas
  An air elemental (Elf:1)
  48 redbacks
  3 hogs (D:14)
  3 vampires
  34 yaks
  3 wraiths (D:14)
  A shadow (D:15)
  2 fire elementals
  4 wyverns
  A hungry ghost (D:10)
  2 steam dragons
  3 basilisks
  A soldier ant (D:15)
  A swamp worm (Swamp:1)
  19 vampire mosquitoes
  An acid dragon (D:14)
  2 wargs
  6 water moccasins
  5 porcupines
  3 hell hounds
  4 sky beasts
  2 eyes of draining
  8 ice beasts
  18 orc warriors
  30 ogres
  4 black bears
  8 phantoms
  3 necrophages
  9 wolves (Lair:2)
  A hornet zombie (D:14)
  10 crocodiles
  20 centaurs
  A big kobold (D:12)
  14 bullfrogs
  3 scorpions
  6 killer bees (D:10)
  13 wights
  2 howler monkeys (D:8)
  2 electric eels (Lair:2)
  9 crimson imps
  5 jellies
  A draconian simulacrum (IceCv)
  10 orc priests
  Crazy Yiuf (D:5)
  A gnoll shaman (D:5)
  6 hounds
  5 quasits
  24 orc wizards
  A bullfrog skeleton (D:5)
  6 iguanas
  14 worker ants
  3 troll simulacra (IceCv)
  3 centaur simulacra (IceCv)
  A worker ant zombie (D:11)
  11 gnolls
  3 naga simulacra (IceCv)
  21 adders
  2 shadow imps
  12 white imps (Lair:3)
  3 oozes (Lair:6)
  An adder zombie (D:5)
  2 adder skeletons (D:7)
  5 worms
  7 dart slugs
  6 leopard geckos
  120 orcs
  A ball python (D:1)
  7 giant cockroaches
  15 goblins
  11 hobgoblins
  8 jackals
  25 kobolds
  7 quokkas
  10 bats
  7 frilled lizards
  6 rats
  A butterfly (Lair:2)
990 creatures vanquished.

Vanquished Creatures (others)
  A hydra (Lair:6)
  A wolf spider (Spider:3)
  2 slaves (D:8)
  4 fungi
  7 plants
15 creatures vanquished.

Grand Total: 1005 creatures vanquished

Notes
Turn   | Place    | Note
-------+----------+-------------------------------------------
     0 | D:1      | Eurus the Mummy Conjurer began the quest for the Orb.
     0 | D:1      | Reached XP level 1. HP: 13/13 MP: 4/4
   341 | D:1      | Reached XP level 2. HP: 10/20 MP: 6/6
   978 | D:1      | Reached skill level 1 in Fighting
  1501 | D:1      | Reached XP level 3. HP: 20/26 MP: 7/7
  1505 | D:1      | Learned a level 2 spell: Searing Ray
  1855 | D:2      | Reached XP level 4. HP: 32/32 MP: 4/9
  2779 | D:2      | Reached XP level 5. HP: 38/38 MP: 5/11
  3487 | D:3      | Learned a level 4 spell: Iskenderun's Mystic Blast
  3990 | D:3      | Found an ornate altar of the Wu Jian Council.
  4168 | D:3      | Reached skill level 1 in Shields
  4705 | D:4      | Noticed a phantom
  4883 | D:4      | Found a sparkling altar of Nemelex Xobeh.
  5019 | D:4      | Reached XP level 6. HP: 44/44 MP: 1/12
  5137 | D:4      | Reached skill level 1 in Translocations
  5226 | D:4      | Found a staircase to the Ecumenical Temple.
  5243 | Temple   | Entered the Ecumenical Temple
  5373 | Temple   | Became a worshipper of Ashenzari the Shackled
  5499 | D:4      | Found a snail-covered altar of Cheibriados.
  5930 | D:4      | Found a hide-covered altar of Uskayaw.
  5932 | D:4      | Found a glowing golden altar of the Shining One.
  5969 | D:5      | Entered Level 5 of the Dungeon
  6048 | D:5      | Noticed an ice beast
  6063 | D:5      | Killed an ice beast
  6063 | D:5      | Reached skill level 5 in Spellcasting
  6063 | D:5      | Reached XP level 7. HP: 50/50 MP: 5/14
  6257 | D:5      | Reached skill level 5 in Conjurations
  6538 | D:5      | Found a runed translucent door.
  6539 | D:5      | Noticed Crazy Yiuf
  6545 | D:5      | Killed Crazy Yiuf
  7063 | D:5      | Found a bloodstained altar of Trog.
  7192 | D:5      | Reached XP level 8. HP: 44/56 MP: 9/16
  7709 | D:6      | Identified the +6 hand axe of the Omega Point {vorpal,
                  | *Rage MR- Dex+7 Stlth+}
  8746 | D:6      | Reached skill level 5 in Shields
  8955 | D:7      | Found a flagged portal.
  8964 | Bailey   | Entered a bailey
  9200 | Bailey   | Reached * piety under Ashenzari
  9610 | Bailey   | Noticed an orc knight
  9634 | Bailey   | Killed an orc knight
  9634 | Bailey   | Reached XP level 9. HP: 61/61 MP: 11/19
  9934 | Bailey   | Noticed an orc knight
 10445 | D:7      | Noticed Prince Ribbit
 10904 | D:7      | Killed Prince Ribbit
 11800 | D:8      | Reached skill level 1 in Armour
 11824 | D:8      | Noticed a two-headed ogre
 11843 | D:8      | Noticed Pikel
 11866 | D:7      | Killed Pikel
 11933 | D:7      | Reached XP level 10. HP: 53/67 MP: 22/22
 12293 | D:8      | Killed a two-headed ogre
 12293 | D:8      | Reached skill level 5 in Translocations
 12519 | D:8      | Noticed Maggie
 12548 | D:8      | Killed Maggie
 13133 | D:9      | Noticed Maurice
 13163 | D:8      | Killed Maurice
 13459 | D:9      | Noticed Harold
 13875 | D:9      | Reached ** piety under Ashenzari
 14392 | D:10     | Entered Level 10 of the Dungeon
 14743 | D:10     | Reached XP level 11. HP: 72/72 MP: 24/24
 15311 | D:10     | Found a staircase to the Lair.
 15921 | D:10     | Found Ilod's Book Shop.
 15950 | D:10     | Reached skill level 10 in Spellcasting
 16344 | Lair:1   | Entered Level 1 of the Lair of Beasts
 17158 | Lair:1   | Noticed a four-headed hydra
 17166 | Lair:1   | Killed a four-headed hydra
 17290 | Lair:1   | Reached *** piety under Ashenzari
 17732 | Lair:2   | Reached skill level 5 in Armour
 18255 | Lair:2   | Found a staircase to the Swamp.
 18255 | Lair:2   | Noticed a four-headed hydra
 18293 | Lair:2   | Killed a four-headed hydra
 18293 | Lair:2   | Reached XP level 12. HP: 65/78 MP: 19/27
 19159 | Lair:3   | Found a frozen archway.
 19231 | IceCv    | Entered an ice cave
 21109 | IceCv    | Found the +6 Majin-Bo {vamp, Archmagi MP+6 Int+6}
 21252 | Lair:3   | Noticed a six-headed hydra
 21270 | Lair:3   | Killed a six-headed hydra
 22185 | Lair:3   | Reached **** piety under Ashenzari
 22796 | Lair:4   | Found a hole to the Spider Nest.
 24150 | Lair:5   | Noticed Snorg
 24591 | Lair:5   | Reached ***** piety under Ashenzari
 24618 | Lair:5   | Gained mutation: You are in touch with the powers of death.
                  | [Mummy growth]
 24618 | Lair:5   | Reached XP level 13. HP: 90/90 MP: 27/29
 24783 | Lair:5   | Reached skill level 5 in Fighting
 25465 | Lair:6   | Entered Level 6 of the Lair of Beasts
 25720 | Lair:6   | Noticed Nessos
 26111 | Lair:5   | Killed Snorg
 26870 | D:11     | Found a staircase to the Orcish Mines.
 28175 | Orc:1    | Entered Level 1 of the Orcish Mines
 28378 | Orc:1    | Found a roughly hewn altar of Beogh.
 28419 | Orc:1    | Reached skill level 10 in Shields
 28458 | Orc:1    | Found a runed translucent door.
 28460 | Orc:1    | Found a shimmering altar of Xom.
 28460 | Orc:1    | Noticed Cakyteerghy's ghost (journeyman MiFi)
 28650 | Orc:1    | Reached skill level 10 in Conjurations
 28993 | Orc:1    | Noticed Fannar
 29015 | Orc:1    | Killed Fannar
 29141 | Orc:1    | Found Zuuxt's Book Boutique.
 29149 | Orc:1    | Bought a book of Spatial Translocations for 1105 gold
                  | pieces
 29152 | Orc:1    | Learned a level 2 spell: Blink
 29156 | Orc:1    | Learned a level 3 spell: Gell's Gravitas
 29159 | Orc:1    | Learned a level 2 spell: Shroud of Golubria
 29164 | Orc:1    | Learned a level 4 spell: Passage of Golubria
 29252 | Orc:2    | Entered Level 2 of the Orcish Mines
 29638 | Orc:2    | Found a staircase to the Elven Halls.
 30126 | Orc:2    | Paralysed by an ogre mage for 4 turns
 30731 | Orc:2    | Reached XP level 14. HP: 103/103 MP: 27/31
 31350 | Orc:2    | Found Zepu's Weapon Emporium.
 31481 | Orc:2    | Found Barohesule's Food Boutique.
 31481 | Orc:2    | Found Jeopriy's Gadget Emporium.
 31482 | Orc:2    | Found Dunot's Assorted Antiques.
 31482 | Orc:2    | Found Sameotex's Distillery.
 31492 | Orc:2    | Bought 2 scrolls labeled ZODIUT COCEXY for 60 gold pieces
 32866 | D:12     | Noticed Nergalle
 32878 | D:12     | Killed Nergalle
 32954 | D:12     | Noticed Sonja
 32960 | D:12     | Killed Sonja
 33998 | D:13     | Found Zouli's Blood Bar.
 34991 | D:13     | Found an iron altar of Okawaru.
 36720 | D:14     | Paralysed by a wizard for 2 turns
 36827 | D:14     | Found a gate to the Vaults.
 36923 | D:14     | Noticed Josephine
 36933 | D:14     | Killed Josephine
 37063 | D:14     | Noticed Kirke
 37131 | D:14     | Killed Kirke
 37343 | D:14     | Reached XP level 15. HP: 113/113 MP: 30/32
 37585 | D:15     | Entered Level 15 of the Dungeon
 40265 | D:15     | Found a staircase to the Depths.
 40285 | D:15     | Reached skill level 10 in Armour
 41178 | Spider:1 | Entered Level 1 of the Spider Nest
 41256 | Lair:4   | Reached skill level 10 in Fighting
 42305 | Spider:1 | Noticed Roxanne
 42832 | Spider:1 | Identified the amulet "Dusoel" {rElec rC- Regen+ Str+2
                  | Slay+2}
 45178 | Swamp:1  | Entered Level 1 of the Swamp
 45783 | Elf:1    | Entered Level 1 of the Elven Halls
 47482 | Elf:1    | Reached XP level 16. HP: 118/124 MP: 33/33
 47574 | Elf:1    | Found a large runed translucent door.
 47574 | Elf:1    | Found a large runed translucent door.
 48192 | D:8      | Killed Harold
 48455 | D:15     | Noticed Rupert
 49098 | Spider:1 | Noticed Donald
 49242 | Spider:1 | Killed Donald
 52300 | Spider:2 | Noticed Azrael
 53924 | Spider:2 | Noticed Arachne
 54500 | Spider:2 | Identified the cursed +2 bardiche of Seobboak {flame, rElec
                  | rC+ Dex+4 Stlth-} (You found it on level 13 of the Dungeon)
 54500 | Spider:2 | Identified the +7 dire flail of Cruel Justice {drain, MR-
                  | Str+6}
 54500 | Spider:2 | Identified the +6 trident "Wayceluh" {flame, rN+} (You
                  | found it on level 15 of the Dungeon)
 56374 | Spider:2 | Killed Arachne
 56642 | Spider:2 | Learned a level 3 spell: Mephitic Cloud
 56665 | Spider:1 | Killed Azrael
 57263 | Orc:1    | Bought a book of Air for 595 gold pieces
 57283 | Orc:1    | Upgraded the game from 0.25-a0-558-g78a2afb0af to
                  | 0.25-a0-565-g8875c97ebb
 57317 | Orc:1    | Killed Cakyteerghy's ghost
 57866 | Spider:3 | Reached ****** piety under Ashenzari
 58056 | Spider:3 | Reached skill level 1 in Air Magic
 59852 | Spider:4 | Entered Level 4 of the Spider Nest
 60096 | Spider:3 | HP: 5/125 [spark wasp (15)]
 60097 | Spider:3 | Mangled by a spark wasp

Levels and vault maps discovered:
D:1:      wander_arrival_estate, layout_loops_corners
D:2:      minmay_wonky_spiral, layout_basic
D:3:      layout_basic, nicolae_overflow_crystal_walls,
          nicolae_underground_beach
D:4:      layout_cave_pools, nicolae_overflow_hidden_temple, lemuel_round_altar,
          temple_green, grunt_decor_resistance, kennysheep_small_spiral
D:5:      minmay_bubble_buster, layout_loops_ring, lightli_temple_of_fire,
          first_ration, uniq_crazy_yiuf_cottage
D:6:      layout_loops_ring, hangedman_decor_opposing
D:7:      corexii_shantytown, layout_loops_ring, enter_bailey_2,
          uniq_prince_ribbit1
D:8:      layout_basic, uniq_maggie, uniq_pikel
D:9:      layout_rooms, uniq_maurice, uniq_harold
D:10:     nicolae_whirlpool, layout_basic, david_lair_shrubbed, serial_shops,
          shop, serial_undead, serial_undead_c, serial_undead_f,
          serial_undead_b, serial_undead_a
D:11:     layout_big_octagon, hiddenorc2_lemuel
D:12:     layout_basic, grunt_tengu_nest, library_closet, uniq_nergalle,
          uniq_sonja
D:13:     layout_grid_maze, basic_altar, guppyfry_shop_blood
D:14:     layout_roguey, david_vaults_1, uniq_josephine, uniq_kirke
D:15:     grunt_enter_depths_snipers, layout_long_grid,
          chequers_decorated_corner, einodemon_crawler_minivault, uniq_rupert
Temple:   kb_temple_of_zot
Lair:1:   layout_gridlike
Lair:2:   layout_roguey, minmay_swamp_entry_swarm, zaba_anthole,
          lemuel_fruit_fields, grunt_megastairs_1, lemuel_fruit_fields,
          infiniplex_staircase_pool
Lair:3:   layout_regular_city, portal_ice_cave_entry_imps,
          chequers_serial_rivers_small_a, chequers_serial_rivers_room_a,
          grunt_forest_small_clearings, lemuel_fruit_tree
Lair:4:   minmay_lair_oklob_tunnel, layout_long_grid,
          spider_nest_entry_web_field
Lair:5:   layout_regular_city, lookout_lair_type,
          chequers_serial_rivers_small_a, minmay_shattered_shrine, uniq_snorg
Lair:6:   guppyfry_lair_end_dragon, layout_gridlike,
          nicolae_slime_entry_slimehenge, uniq_nessos
Swamp:1:  gammafunk_its_a_trap, layout_basic_swamp,
          nicolae_swamp_orc_logging_accident, swamp_pool2
Spider:1: layout_chambers, uniq_donald, uniq_roxanne
Spider:2: layout_spider_delve, uniq_azrael, uniq_arachne
Spider:3: layout_spider_delve, drop_trap
Spider:4: spider_rune_water
Orc:1:    layout_caves, serial_shops, shop, ebering_ghost_xom, basic_altar,
          uniq_fannar
Orc:2:    st_orc_ogre_mass, layout_caves, serial_shops, shop
Elf:1:    minmay_elf_arrival_summoners, layout_loops_cross,
          ebering_ghost_disaster_area, hangedman_elf_disciples, drop_trap

Skill      XL: |  1  2  3  4  5  6  7  8  9 10 11 12 13 14 15 16 |
---------------+-------------------------------------------------+-----
Spellcasting   | 3 4 5 7 8 9 11 12 13 | 13.0
Fighting       | 1 2 4 7 9 10 11 | 11.0
Conjurations   | 4 5 6 7 8 9 10 11 12 13 | 13.1
Shields        | 1 2 4 5 6 7 8 9 10 11 12 13 | 13.1
Translocations | 1 2 3 4 5 6 |  6.9
Armour         | 1 3 5 6 8 9 10 11 | 11.8
Air Magic      | 1 |  1.8
Dodging        | |  1.5
Stealth        | |  1.5

Action                   |  1- 3 |  4- 6 |  7- 9 | 10-12 | 13-15 | 16-18 || total
-------------------------+-------+-------+-------+-------+-------+-------++-------
Melee: Unarmed           |    13 |       |       |       |       |       ||    13
       Dagger            |    51 |    70 |     7 |       |    28 |    19 ||   175
       Hand axe          |       |       |    59 |    84 |    36 |       ||   179
       Quarterstaff      |       |       |       |     1 |       |       ||     1
 Cast: Magic Dart        |    41 |    72 |    51 |   165 |   300 |    48 ||   677
       Searing Ray       |     2 |    31 |    87 |   216 |   533 |   227 ||  1096
       Iskenderun's Myst |       |       |       |     9 |    43 |    45 ||    97
       Blink             |       |       |       |       |     1 |     7 ||     8
       Mephitic Cloud    |       |       |       |       |       |     3 ||     3
Invok: Curse Item        |       |     1 |     1 |     1 |     1 |     1 ||     5
Evoke: Wand              |       |       |       |     1 |     4 |     2 ||     7
  Use: Scroll            |       |       |     9 |     8 |    14 |    11 ||    42
 Stab: Sleeping          |     1 |       |     5 |     1 |       |       ||     7
Armor: Robe              |    12 |     4 |    10 |     5 |       |       ||    31
       Leather armour    |       |       |       |   102 |     7 |       ||   109
       Swamp dragon scal |       |       |       |       |   155 |       ||   155
       Scale mail        |       |       |       |       |   229 |   323 ||   552
Dodge: Dodged            |    47 |    60 |    99 |   327 |   749 |   565 ||  1847
Block: Buckler           |       |       |    32 |   111 |       |       ||   143
       Tower shield      |       |       |       |     4 |   584 |       ||   588
       Kite shield       |       |       |       |       |   358 |   522 ||   880

Table legend:
 A = Non-vault XP
 B = Vault XP
 C = Vault XP percentage of total XP
 D = Non-vault monster count
 E = Vault monster count
 F = Vault count percentage of total count
                 A         B        C        D         E       F
            +---------+---------+-------+---------+---------+-------
      Total |  150123 |   62033 |  29.2 |     738 |     252 |  25.5
            +---------+---------+-------+---------+---------+-------
        D:1 |      41 |       0 |   0.0 |      20 |       0 |   0.0
        D:2 |     157 |       7 |   4.3 |      30 |       3 |   9.1
        D:3 |     112 |       0 |   0.0 |      27 |       0 |   0.0
        D:4 |     308 |       0 |   0.0 |      18 |       0 |   0.0
        D:5 |     797 |     142 |  15.1 |      20 |      12 |  37.5
        D:6 |     772 |       0 |   0.0 |      22 |       0 |   0.0
        D:7 |     561 |    1028 |  64.7 |      11 |      36 |  76.6
        D:8 |    2553 |    1856 |  42.1 |      27 |       3 |  10.0
        D:9 |    1773 |       0 |   0.0 |      14 |       0 |   0.0
       D:10 |    2677 |    1373 |  33.9 |      35 |       7 |  16.7
       D:11 |    3607 |     455 |  11.2 |      23 |      32 |  58.2
       D:12 |    5813 |    2495 |  30.0 |      35 |       3 |   7.9
       D:13 |    7362 |     416 |   5.3 |      37 |       2 |   5.1
       D:14 |   15307 |    6032 |  28.3 |      46 |      10 |  17.9
       D:15 |    9986 |    3076 |  23.5 |      37 |       9 |  19.6
     Lair:1 |    4124 |       0 |   0.0 |      17 |       0 |   0.0
     Lair:2 |    4553 |    2447 |  35.0 |      20 |      19 |  48.7
     Lair:3 |    3861 |     126 |   3.2 |      14 |      12 |  46.2
     Lair:4 |    8416 |       0 |   0.0 |      32 |       0 |   0.0
     Lair:5 |    3713 |    4023 |  52.0 |      15 |       7 |  31.8
     Lair:6 |     508 |     108 |  17.5 |       2 |       5 |  71.4
    Swamp:1 |    1958 |       0 |   0.0 |       6 |       0 |   0.0
   Spider:1 |   20418 |    3638 |  15.1 |      47 |       4 |   7.8
   Spider:2 |   19711 |    3945 |  16.7 |      57 |       4 |   6.6
   Spider:3 |   17103 |       0 |   0.0 |      53 |       0 |   0.0
   Spider:4 |     798 |       0 |   0.0 |       2 |       0 |   0.0
      Orc:1 |    2068 |    8132 |  79.7 |      28 |       9 |  24.3
      Orc:2 |    2220 |   13543 |  85.9 |      29 |      30 |  50.8
      Elf:1 |    8846 |    3538 |  28.6 |      14 |       6 |  30.0
     Bailey |       0 |    1270 | 100.0 |       0 |      18 | 100.0
      IceCv |       0 |    4383 | 100.0 |       0 |      21 | 100.0
            +---------+---------+-------+---------+---------+-------
